 Dungeon Crawl Stone Soup version 0.21.1-1-g345015fe64 (webtiles) character file.

2405 DildoBatman the Jinx (level 9, -7/69 HPs)
             Began as a Formicid Enchanter on Apr 17, 2018.
             Was a Priest of Kikubaaqudgha.
             Mangled by a two-headed ogre
             ... wielding a +0 dire flail
              (23 damage)
             ... on level 9 of the Dungeon.
             The game lasted 00:29:31 (8785 turns).

DildoBatman the Jinx (Formicid Enchanter)           Turns: 8785, Time: 00:29:32

Health: -7/69      AC:  6    Str: 16    XL:     9   Next: 75%
Magic:  9/15       EV: 12    Int: 18    God:    Kikubaaqudgha [***...]
Gold:   402        SH:  0    Dex: 11    Spells: 7/16 levels left

rFire    . . .     SeeInvis +   a - +1 trident (venom)
rCold    . . .     Gourm    .   (no shield)
rNeg     . . .     Faith    .   J - +0 ring mail {MR+}
rPois    .         Spirit   .   (helmet unavailable)
rElec    .         Reflect  .   (no cloak)
rCorr    .         Harm     .   (no gloves)
MR       +....                  (no boots)
Stlth    ++........             (no amulet)
HPRegen  0.21/turn              H - +3 ring of intelligence
MPRegen  0.14/turn              (no ring)

@: no status effects
A: permanent stasis, dig shafts and tunnels, four strong arms, antennae 3
a: Dig, Shaft Self, Receive Corpses, Renounce Religion


You were on level 9 of the Dungeon.
You worshipped Kikubaaqudgha.
Kikubaaqudgha was most pleased with you.
You were hungry.

You visited 2 branches of the dungeon, and saw 10 of its levels.

You collected 402 gold pieces.

Inventory:

Hand Weapons
 a - a +1 trident of venom (weapon)
 b - a +1 flail of protection
 c - a +0 hunting sling of freezing
 d - a +2 dagger of venom
 L - a +2 vampiric falchion
Missiles
 e - 204 stones (quivered)
 g - 74 sling bullets
 j - 55 poisoned needles
 n - 4 javelins
 p - 60 arrows
 A - 50 bolts
 D - 6 throwing nets
 N - 7 tomahawks
Armour
 J - a +0 ring mail of magic resistance (worn)
Jewellery
 H - a +3 ring of intelligence (left hand)
Wands
 o - a wand of flame (30)
 w - a wand of digging (14)
 I - a wand of polymorph (4)
Scrolls
 i - a scroll of random uselessness {unknown}
 m - a scroll of blinking {unknown}
 q - 3 scrolls of fear {unknown}
 r - a scroll of immolation {unknown}
 x - 2 scrolls of remove curse
 y - 2 scrolls of enchant weapon {unknown}
 z - 6 scrolls of identify
 E - a scroll of magic mapping {unknown}
 M - a scroll of holy word {unknown}
 P - a scroll of noise {unknown}
 Q - a scroll of teleportation {unknown}
Potions
 f - 2 potions of curing {unknown}
 h - a potion of heal wounds {unknown}
 k - 2 potions of brilliance {unknown}
 l - 3 potions of ambrosia {unknown}
 s - 3 potions of degeneration {unknown}
 t - 2 potions of might {unknown}
 u - 4 potions of flight {unknown}
 B - 2 potions of resistance {unknown}
 C - 2 potions of haste {unknown}
 O - a potion of lignification {unknown}
 R - 2 potions of agility {unknown}
Books
 F - a book of Maledictions

   Spells                             Type                      Level
   a - Corona                         Hexes                        1
   b - Ensorcelled Hibernation        Hexes/Ice                    2
   c - Confuse                        Hexes                        3
   d - Tukima's Dance                 Hexes                        3
   e - Dazzling Spray                 Conjuration/Hexes            3
 G - Kikubaaqudgha's Grimoire of Necromancy
   (Kikubaaqudgha gifted it to you on level 4 of the Dungeon)

   Spells                             Type                      Level
   a - Pain                           Necromancy                   1
   b - Corpse Rot                     Necromancy                   2
   c - Sublimation of Blood           Necromancy                   2
   d - Regeneration                   Charms/Necromancy            3
 K - a book of Cantrips

   Spells                             Type                      Level
   a - Confusing Touch                Hexes                        1
   b - Animate Skeleton               Necromancy                   1
   c - Summon Small Mammal            Summoning                    1
   d - Apportation                    Translocation                1
 S - Kikubaaqudgha's Almanac of Evil
   (Kikubaaqudgha gifted it to you on level 9 of the Dungeon)

   Spells                             Type                      Level
   a - Animate Dead                   Necromancy                   4
   b - Bolt of Draining               Conjuration/Necromancy       5
   c - Borgnjor's Vile Clutch         Necromancy/Earth             5
   d - Agony                          Necromancy                   5
   e - Dispel Undead                  Necromancy                   5
Comestibles
 v - 5 rations


   Skills:
 * Level 6.2 Fighting
 - Level 1.0 Short Blades
 * Level 5.3 Armour
 * Level 3.2 Dodging
 * Level 5.2 Stealth
 - Level 4.0 Spellcasting
 * Level 10.1 Hexes
 * Level 1.1 Evocations


You had 7 spell levels left.
You knew the following spells:

 Your Spells              Type           Power        Failure   Level  Hunger
a - Corona                Hex            #####..      1%          1    None
b - Confuse               Hex            #####...     1%          3    ###....
d - Regeneration          Chrm/Necr      #.........   61%         3    ###....
z - Sublimation of Blood  Necr           #.........   36%         2    ##.....


Dungeon Overview and Level Annotations

Branches:
Dungeon (9/15)             Temple (1/1) D:7
   Lair: D:8-11         Orc: D:9-12

Altars:
Ashenzari
Cheibriados
Dithmenos
Elyvilon
Fedhas
Gozag
Hepliaklqana
Kikubaaqudgha
Makhleb
Nemelex Xobeh
Okawaru
Qazlal
Trog
Uskayaw
Vehumet
Wu Jian
Xom
Yredelemnul
Zin
The Shining One

Annotations:
D:2 exclusion: dancing weapon
D:3 KingHarkinian's ghost, amateur NaFi
D:4 exclusions: skeleton and 1 more exclusion, KingHarkinian's ghost, amateur DEFE
D:5 DildoBatman's ghost, novice FoEn
D:8 Prince Ribbit


Innate Abilities, Weirdness & Mutations

You cannot be hasted, slowed, berserked, paralysed or teleported.
You can dig through walls and to a lower floor.
Your four strong arms can wield two-handed weapons with a shield.
You have a pair of large antennae on your head. (SInv)


Message History

The two-headed ogre looks more healthy.
Attack whom?
Press: ? - help, Dir - move target cursor, f - two-headed ogre
Aim: a two-headed ogre, wielding a dire flail and a giant spiked club (moderately wounded)
You reach to attack!
You hit the two-headed ogre but do no damage.
The two-headed ogre is poisoned.
The two-headed ogre is moderately wounded.
The two-headed ogre hits you with a dire flail!
The two-headed ogre completely misses you.
Casting: Confuse
Confirm with . or Enter, or press ? or * to list all spells.
Aiming: Confuse
Press: ? - help, Shift-Dir - straight line, f/p - two-headed ogre
Aim: a two-headed ogre, wielding a dire flail and a giant spiked club (moderately wounded, poisoned, chance to defeat MR: 50%)
The two-headed ogre resists with some effort.
The two-headed ogre hits you with a dire flail!
The two-headed ogre hits you with a giant spiked club!!
You die...
Kikubaaqudgha rasps: "You have failed me!
Welcome... death!"

#######.#.#####
...$....#.....#
#######.#####.#
#.# #.#
###############.#
#.#
#.....<.........#
#.#######
#.#############.#
#........ #.# #O#
#.####### #.#
##@#####.# #.#
#........######..
#.#
#..#####.#......
#.#
#...........###..
#.#
#.#####..........
#.# #.
#..#####... ##.##
#. #...<....
#...## #.
#.######[
.....##### #.#


You could see a two-headed ogre.

Vanquished Creatures
  A hippogriff (D:7)
  An ice beast (D:7)
  A black bear (D:9)
  An orc warrior (D:6)
  5 ogres
  A centaur (D:7)
  Blork the orc (D:4)
  A gnoll sergeant (D:6)
  2 scorpions
  3 killer bees (D:9)
  3 howler monkeys
  A crimson imp (D:7)
  A centaur zombie (D:6)
  A quasit (D:7)
  A jelly (D:6)
  3 gnoll shamans (D:6)
  2 orc wizards
  An iguana (D:4)
  4 worker ants
  A howler monkey skeleton (D:4)
  43 gnolls
  4 adders
  An ooze (D:1)
  An adder skeleton (D:4)
  2 dart slugs
  3 worms
  4 leopard geckos
  12 orcs
  3 giant cockroaches
  9 goblins
  6 hobgoblins
  25 jackals
  5 quokkas
  2 ball pythons
  13 bats
  5 frilled lizards
  5 kobolds
  A leopard gecko zombie (D:5)
  A quokka skeleton (D:7)
  8 rats
188 creatures vanquished.

Notes
Turn   | Place    | Note
-------+----------+-------------------------------------------
     0 | D:1      | DildoBatman the Formicid Enchanter began the quest for the Orb.
     0 | D:1      | Reached XP level 1. HP: 13/13 MP: 3/3
   137 | D:1      | Reached skill level 1 in Fighting
   268 | D:1      | Reached XP level 2. HP: 21/21 MP: 5/5
   532 | D:1      | Reached XP level 3. HP: 28/28 MP: 6/6
   537 | D:1      | Learned a level 3 spell: Confuse
  1403 | D:2      | Reached XP level 4. HP: 32/35 MP: 7/7
  1420 | D:2      | Reached skill level 1 in Armour
  1591 | D:2      | Found a hide-covered altar of Uskayaw.
  1591 | D:2      | Noticed a hand axe
  1592 | D:2      | Noticed a dagger
  2282 | D:3      | Noticed KingHarkinian's ghost (amateur NaFi)
  2390 | D:3      | Reached XP level 5. HP: 37/41 MP: 6/8
  2580 | D:3      | Found an ancient bone altar of Kikubaaqudgha.
  2588 | D:3      | Became a worshipper of Kikubaaqudgha
  3071 | D:4      | Reached skill level 4 in Hexes
  3071 | D:4      | Reached XP level 6. HP: 48/48 MP: 9/9
  3101 | D:4      | Found a radiant altar of Vehumet.
  3113 | D:4      | Found a shimmering altar of Xom.
  3308 | D:4      | Noticed KingHarkinian's ghost (amateur DEFE)
  3314 | D:4      | Found a bloodstained altar of Trog.
  3482 | D:4      | Noticed an ogre
  3507 | D:4      | Killed an ogre
  3542 | D:4      | Noticed Blork the orc
  3568 | D:4      | Killed Blork the orc
  3568 | D:4      | Reached skill level 5 in Hexes
  3568 | D:4      | Reached XP level 7. HP: 14/54 MP: 4/11
  4048 | D:4      | Found a radiant altar of Vehumet.
  4050 | D:4      | Found an iron altar of Okawaru.
  4050 | D:4      | Found a hide-covered altar of Uskayaw.
  4052 | D:4      | Found a deep blue altar of Sif Muna.
  4052 | D:4      | Found a shimmering altar of Xom.
  4052 | D:4      | Found a hide-covered altar of Uskayaw.
  4238 | D:4      | Found a stormy altar of Qazlal.
  4239 | D:4      | Found a blossoming altar of Fedhas.
  4242 | D:4      | Found an opulent altar of Gozag.
  4403 | D:5      | Entered Level 5 of the Dungeon
  4416 | D:4      | Reached skill level 6 in Hexes
  4635 | D:5      | Noticed DildoBatman's ghost (novice FoEn)
  4846 | D:4      | Reached * piety under Kikubaaqudgha
  4846 | D:4      | Identified Kikubaaqudgha's Grimoire of Necromancy (Kikubaaqudgha gifted it to you on level 4 of the Dungeon)
  4846 | D:4      | Received a gift from Kikubaaqudgha
  4859 | D:4      | Learned a level 2 spell: Sublimation of Blood
  4863 | D:4      | Learned a level 3 spell: Regeneration
  5130 | D:5      | Found a white marble altar of Elyvilon.
  5182 | D:5      | Found a basalt altar of Yredelemnul.
  5366 | D:6      | Reached skill level 7 in Hexes
  5994 | D:6      | Reached skill level 8 in Hexes
  5994 | D:6      | Reached XP level 8. HP: 34/60 MP: 3/12
  6433 | D:6      | Found a glowing silver altar of Zin.
  7051 | D:6      | Reached ** piety under Kikubaaqudgha
  7245 | D:6      | Reached skill level 5 in Stealth
  7559 | D:7      | Found a staircase to the Ecumenical Temple.
  7575 | Temple   | Entered the Ecumenical Temple
  7704 | D:7      | Reached skill level 5 in Fighting
  7704 | D:7      | Reached XP level 9. HP: 68/68 MP: 11/15
  7719 | D:7      | Noticed a hippogriff
  7731 | D:7      | Killed a hippogriff
  7731 | D:7      | Reached skill level 9 in Hexes
  8115 | D:7      | Reached skill level 5 in Armour
  8394 | D:7      | Reached skill level 10 in Hexes
  8570 | D:8      | Noticed Prince Ribbit
  8703 | D:9      | Reached *** piety under Kikubaaqudgha
  8703 | D:9      | Identified Kikubaaqudgha's Almanac of Evil (Kikubaaqudgha gifted it to you on level 9 of the Dungeon)
  8703 | D:9      | Received a gift from Kikubaaqudgha
  8709 | D:9      | Noticed a two-headed ogre
  8713 | D:9      | Reached skill level 1 in Evocations
  8785 | D:9      | Mangled by a two-headed ogre

Skill      XL: |  1  2  3  4  5  6  7  8  9 |
---------------+----------------------------+-----
Fighting       | 1 2 3 4 5 6 |  6.2
Dodging        | 2 3 |  3.2
Armour         | 3 4 5 |  5.3
Stealth        | 4 5 |  5.2
Hexes          | 4 5 8 10 | 10.1
Spellcasting   | 3 4 |  4.0
Evocations     | 1 |  1.1
Short Blades   | |  1.0

Action                   |  1- 3 |  4- 6 |  7- 9 || total
-------------------------+-------+-------+-------++-------
Melee: Dagger            |   161 |   113 |   217 ||   491
       Flail             |       |       |    33 ||    33
       Trident           |       |       |   177 ||   177
 Cast: Corona            |    25 |    17 |    48 ||    90
       Confuse           |     2 |     4 |    65 ||    71
 Abil: Dig               |     1 |     2 |    21 ||    24
  Use: Scroll            |       |       |     3 ||     3
 Stab: Sleeping          |     5 |       |     1 ||     6
       Confused          |       |     1 |    23 ||    24
  Eat: Chunk             |     2 |     8 |    26 ||    36
Armor: Robe              |    36 |    13 |       ||    49
       Ring mail         |       |    11 |   134 ||   145
Dodge: Dodged            |   111 |    80 |   242 ||   433
